 Dungeon Crawl Stone Soup version 0.31-a0-339-gda1cbd555d (webtiles) character file.

Game seed: 9342508849055659478

39 Newt the Trooper (level 3, -4/49 HPs)
             Began as a Barachi Fighter on July 20, 2023.
             Slain by Sigmund
             ... wielding a +0 scythe
              (7 damage)
             ... on level 2 of the Dungeon.
             The game lasted 00:01:36 (1182 turns).

Newt the Trooper (Barachi Fighter)                  Turns: 1182, Time: 00:01:37

Health: -4/49      AC: 21    Str: 17    XL:     3   Next: 47%
Magic:  3/3        EV:  2    Int:  8    God:
Gold:   13         SH:  4    Dex: 13    Spells: 2/2 levels left

rFire   . . .        l - +1 dagger (venom)
rCold   . . .        c - +0 buckler
rNeg    . . .        e - melded +2 leather armour {rPois}
rPois   +            (helmet currently unavailable)
rElec   .            (cloak currently unavailable)
rCorr   .            m - melded +0 pair of gloves
SInv    .            (boots currently unavailable)
Will    .....        j - amulet of the acrobat
Stlth   +            (no ring)
HPRegen 0.28/turn    (no ring)
MPRegen 0.08/turn

%: acrobat
@: mighty, tree-form, invisible
A: stationary, stasis, torment immunity, boosted hp, (amphibious), (slowness 1),
(strong legs 1), +LOS
a: no special abilities


You were on level 2 of the Dungeon.
You were a tree.
You visited 1 branch of the dungeon, and saw 2 of its levels.

You collected 13 gold pieces.

Inventory:

Hand Weapons
 a - a +0 long sword
 l - a +1 dagger of venom (weapon)
Missiles
 k - 2 boomerangs
Armour
 b - a +0 scale mail
 c - a +0 buckler (worn)
 e - a +2 leather armour of poison resistance (melded)
 m - a +0 pair of gloves (melded)
Jewellery
 j - an amulet of the acrobat (around neck)
Scrolls
 g - a scroll of immolation
Potions
 i - a potion of heal wounds {unknown}


   Skills:
 - Level 5.0 Fighting
 - Level 2.4 Long Blades
 - Level 3.6 Armour
 + Level 1.4 Dodging
 - Level 3.2 Shields


You had 2 spell levels left.
You didn't know any spells.
Your spell library contained the following spells:

 Spells                   Type           Power      Damage    Failure   Level
 Animate Dead             Necr           0%         N/A       99%         4
 Borgnjor's Vile Clutch   Necr/Erth      0%         N/A       100%        5
 Death Channel            Necr           0%         N/A       100%        6


Dungeon Overview and Level Annotations

Branches:
Dungeon (2/15)

Altars:

Shops:
D:2 !

Annotations:
D:2 Sigmund


Innate Abilities, Weirdness & Mutations

You are a tree.
Your roots penetrate the ground, keeping you stationary.
You cannot be teleported.
You are immune to unholy pain and torment.
Your maximum health is greatly increased.
Your equipment is partially melded.
((You are amphibious.))
((You cover ground slowly.))
((You can hop short distances.))
You have an extended range of vision and can be seen from far away.


Message History

Unknown command.
Sigmund gestures wildly while chanting.
Sigmund flickers and vanishes!
Deactivating autopickup; reactivate with Ctrl-A.
You feel very mighty all of a sudden.
A magic dart appears from out of thin air!
The magic dart hits you.
Unknown command.
You're too confused to move!
Something hits you. Something hits you.
Items here: " ( ) †.
Something closely misses you.
You barely miss something.
You feel less confused.
You miss something. Something hits you.
You hit something. Something hits you!
* * * LOW HITPOINT WARNING * * *
You miss something. You hit something.
You hear some strange, mumbled words.
Something tries to affect you, but you resist.
You closely miss something. Something hits you.
* * * LOW HITPOINT WARNING * * *
You puncture something! Something hits you.
* * * LOW HITPOINT WARNING * * *
Unknown command.
It was a potion of invisibility.
You fade into invisibility!
It was a potion of lignification.
You turn into a tree.
Your +0 pair of gloves melds into your body.
Your +2 leather armour of poison resistance melds into your body.
You no longer feel resistant to poison.
Your roots penetrate the ground.
Something hits you but does no damage.
You cannot move.
You cannot move.
You hit something. You block something's attack.
You miss something. You barely miss something.
Something hits you but does no damage.
You completely miss something. Something hits you!
You die...

####..# #.# ......# #.#
###...## #.# ##.....## ##
#.# #.....>.######.##.#
.........##...$...#######
.........'...............
.........##....))...#####
#.......###....{♣...#
##.....## #.........#
##...## #.....###.# ##'##
#...... .# ####.# ####...
.# ...#.# #..# # ##.#.##
#... #....## #... #.....#
#.#


There were no monsters in sight!

Vanquished Creatures
  3 ball pythons (D:1)
  5 endoplasms
  A giant cockroach (D:1)
  5 goblins
  5 hobgoblins
  4 jackals (D:2)
  A quokka (D:2)
  3 bats
  2 frilled lizards (D:1)
  3 kobolds (D:1)
  A rat (D:1)
33 creatures vanquished.

Notes
Turn   | Place    | Note
-------+----------+-------------------------------------------
     0 | D:1      | Newt the Barachi Fighter began the quest for the Orb.
     0 | D:1      | Reached XP level 1. HP: 18/18 MP: 1/1
    73 | D:1      | Reached skill level 4 in Fighting
    81 | D:1      | Reached XP level 2. HP: 20/25 MP: 2/2
   690 | D:1      | Reached XP level 3. HP: 32/32 MP: 3/3
   848 | D:2      | Reached skill level 5 in Fighting
   904 | D:2      | Reached skill level 1 in Dodging
   977 | D:2      | Found Kiohoule's Distillery.
  1155 | D:2      | Noticed Sigmund
  1176 | D:2      | HP: 1/33 [something (5)]
  1182 | D:2      | Slain by Sigmund

Illustrated notes

Levels and vault maps discovered:
D:1:      lightli_arrival_quake, layout_loops_ring
D:2:      layout_loops_corners, serial_shops, nicolae_lakefront_shop,
          minmay_tromino_i2, uniq_natasha, uniq_sigmund, uniq_crazy_yiuf_cottage

Skill      XL: |  1  2  3 |
---------------+----------+-----
Fighting       | 4 5 |  5.0
Dodging        | 1 |  1.4
Long Blades    | |  2.4
Armour         | |  3.6
Shields        | |  3.2

Action                     || total
---------------------------++-------
  Melee: Long sword        ||    54
         Dagger            ||    52
    Use: Potion            ||     3
         Scroll            ||     1
 Armour: Leather armour    ||    41
         Skin              ||     2
  Dodge: Dodged            ||    72
  Block: Buckler           ||    39

Table legend: (Time is in decaauts)
 A = Elapsed time spent in this place.
 B = Non-inter-level travel time spent in this place.
 C = Inter-level travel time spent in this place.
 D = Time resting spent in this place.
 E = Time spent auto-exploring this place.
 F = Levels seen in this place.
 G = Mean time per level.
                   A        B        C        D        E       F      G
               +--------+--------+--------+--------+--------+-----+--------+
         Total |   1378 |   1296 |     82 |      0 |   1035 |   2 |  689.0 |
       Dungeon |   1378 |   1296 |     82 |      0 |   1035 |   2 |  689.0 |
               +--------+--------+--------+--------+--------+-----+--------+

Top non-repeatable levels by time:
     D:1: 935 daAuts
     D:2: 443 daAuts
